 Dungeon Crawl Stone Soup version 0.29-a0-231-g945431f764 (webtiles) character file.

Game seed: 7299067701029075766

475 drugrobin the Chopper (level 6, -4/50 HPs)
             Began as a Demigod Fighter on Feb 28, 2022.
             Slain by bande's ghost (13 damage)
             ... on level 4 of the Dungeon.
             The game lasted 00:08:03 (4848 turns).

drugrobin the Chopper (Demigod Fighter)             Turns: 4848, Time: 00:08:03

Health: -4/50      AC: 11    Str: 25    XL:     6   Next: 54%
Magic:  8/8        EV:  9    Int: 10    God:
Gold:   202        SH:  4    Dex: 13    Spells: 5/5 levels left

rFire   . . .      SeeInvis .   b - +5 mace (holy)
rCold   . . .      Faith    .   c - +0 buckler
rNeg    . . .      Spirit   .   B - +0 scale mail
rPois   .          Reflect  .   C - +0 helmet
rElec   .          Harm     .   (no cloak)
rCorr   .          Rampage  .   A - +1 pair of gloves
Will    .....                   E - +0 pair of boots
Stlth   ..........              (no amulet)
HPRegen 0.16/turn               (no ring)
MPRegen 0.11/turn               (no ring)

@: no status effects
A: high MP 1, forlorn, divine attributes
a: no special abilities


You were on level 4 of the Dungeon.
You visited 1 branch of the dungeon, and saw 4 of its levels.
You also visited: Ossuary.

You collected 202 gold pieces.

Inventory:

Hand Weapons
 a - a +0 war axe
 b - a +5 mace of holy wrath (weapon)
Missiles
 f - 84 stones
 q - 12 javelins
 t - 2 boomerangs (quivered)
 F - a throwing net
Armour
 c - a +0 buckler (worn)
 A - a +1 pair of gloves (worn)
 B - a +0 scale mail (worn)
 C - a +0 helmet (worn)
 E - a +0 pair of boots (worn)
Jewellery
 D - an amulet of the acrobat
Scrolls
 e - a scroll of enchant weapon {unknown}
 k - a scroll of immolation
 l - 2 scrolls of brand weapon {unknown}
 m - 3 scrolls of amnesia {unknown}
 p - a scroll of fog {unknown}
 r - a scroll of holy word {unknown}
 u - 4 scrolls of identify {unknown}
 v - 2 scrolls of blinking {unknown}
 x - a scroll of enchant armour {unknown}
 y - 2 scrolls of teleportation {unknown}
 H - a scroll of magic mapping {unknown}
 K - a scroll of fear {unknown}
Potions
 d - 2 potions of might
 g - 2 potions of flight {unknown}
 h - a potion of heal wounds {unknown}
 i - 3 potions of attraction {unknown}
 j - a potion of mutation {unknown}
 n - 2 potions of lignification {unknown}
 o - a potion of cancellation {unknown}
 s - 4 potions of curing {unknown}
 w - 2 potions of ambrosia {unknown}
 z - a potion of experience {unknown}
 G - a potion of invisibility {unknown}
 I - a potion of haste {unknown}
 J - a potion of brilliance {unknown}


   Skills:
 - Level 2.6 Fighting
 + Level 6.8 Axes
 - Level 2.6 Armour
 - Level 2.6 Shields


You had 5 spell levels left.
You didn't know any spells.
Your spell library contained the following spells:

 Spells                   Type           Power      Damage    Failure   Level
 Slow                     Hex            0%         N/A       77%         1
 Ensorcelled Hibernation  Hex/Ice        0%         N/A       88%         2
 Confusing Touch          Hex            0%         N/A       98%         3
 Spider Form              Tmut/Pois      0%         N/A       98%         3
 Vampiric Draining        Necr           0%         2d6       98%         3
 Anguish                  Hex/Necr       0%         N/A       100%        4


Dungeon Overview and Level Annotations

Branches:
Dungeon (4/15)            Ossuary (visited)
 Temple: D:4-7

Annotations:
D:4 bande's ghost, amateur GrFi


Innate Abilities, Weirdness & Mutations

You have an increased reservoir of magic. (+10% MP)
You shall have no god before yourself.
Your divine heritage dramatically boosts your attributes as you level up.


Message History

Bande's ghost hits you but does no damage.
Unknown command.
You barely miss bande's ghost.
Bande's ghost is heavily damaged.
Bande's ghost hits you.
You closely miss bande's ghost.
Bande's ghost is heavily damaged.
Bande's ghost hits you.
You hit bande's ghost but do no damage.
Bande's ghost is heavily damaged.
Bande's ghost hits you. Bande's ghost hits you!
You hit bande's ghost.
Bande's ghost convulses!
Bande's ghost is severely damaged.
You block bande's ghost's attack.
You hit bande's ghost but do no damage.
Bande's ghost is severely damaged.
Bande's ghost hits you.
You hit bande's ghost.
Bande's ghost convulses.
Bande's ghost is almost destroyed.
Bande's ghost closely misses you.
You closely miss bande's ghost.
Bande's ghost is almost destroyed.
Bande's ghost hits you but does no damage. x2
You hit bande's ghost but do no damage.
Bande's ghost is almost destroyed.
Bande's ghost hits you but does no damage.
You barely miss bande's ghost.
Bande's ghost is almost destroyed.
Bande's ghost hits you!
You hit bande's ghost but do no damage.
Bande's ghost is almost destroyed.
Bande's ghost hits you!
* * * LOW HITPOINT WARNING * * *
Unknown command.
Bande's ghost keens inconsolably.
There is an open door here.
Bande's ghost laughs crazily.
There is an open door here.
Bande's ghost hits you!
You die...

≈†<.≈≈≈≈≈≈..####.#####
#.......#
≈.8.≈≈≈≈≈≈≈).........#
#########
≈≈.≈≈#≈≈≈≈≈#####.....#
# ≈≈.≈#≈#≈≈≈## #.....#
# ≈.8≈.≈≈≈≈.# #.....#
#
#...≈≈≈≈≈#.#####.....#
#
≈≈≈≈≈##≈##...........#
#
≈≈≈≈≈ow#####.........#
≈w.≈≈#o.# #....@..###
...###o## #....W..#
#..# o #####Z### ##..
###Z### .. #..Z..#
#.....#
##########.....#
..#.#.. #.....#
##..?$.#####'###


You could see bande's ghost, a bullfrog zombie, a centaur zombie and a centaur
skeleton.

Vanquished Creatures
  An ogre (D:4)
  A water moccasin skeleton (D:4)
  A centaur zombie (Ossuary)
  Jessica (D:2)
  An iguana (D:4)
  An orc wizard (D:4)
  Robin (D:3)
  5 mummies (Ossuary)
  3 adders
  3 gnolls
  6 dart slugs (D:4)
  6 orcs (D:3)
  3 ball pythons
  3 endoplasms
  2 giant cockroaches
  A gnoll zombie (Ossuary)
  8 hobgoblins
  3 jackals (D:3)
  5 quokkas
  3 bats
  2 frilled lizards
  19 goblins
  A goblin zombie (Ossuary)
  4 hobgoblin zombies (Ossuary)
  4 kobolds
  A kobold zombie (Ossuary)
  8 rats
97 creatures vanquished.

Notes
Turn   | Place    | Note
-------+----------+-------------------------------------------
     0 | D:1      | drugrobin the Demigod Fighter began the quest for the Orb.
     0 | D:1      | Reached XP level 1. HP: 18/18 MP: 3/3
    69 | D:1      | Reached skill level 2 in Axes
   450 | D:1      | Reached XP level 2. HP: 25/25 MP: 4/4
   812 | D:1      | Reached skill level 3 in Axes
  1401 | D:2      | Noticed Jessica
  1410 | D:2      | Killed Jessica
  1411 | D:2      | Reached XP level 3. HP: 25/30 MP: 5/5
  2182 | D:3      | Reached skill level 4 in Axes
  2333 | D:3      | Reached XP level 4. HP: 28/37 MP: 6/6
  2944 | D:3      | Noticed Robin
  3130 | D:3      | Killed Robin
  3400 | D:4      | Reached skill level 5 in Axes
  3405 | D:4      | Reached XP level 5. HP: 33/42 MP: 7/7
  3490 | D:4      | Found a sand-covered staircase.
  3542 | Ossuary  | Entered an ossuary
  4046 | D:4      | Noticed an ogre
  4276 | D:4      | Reached skill level 6 in Axes
  4296 | D:4      | Noticed an orc warrior
  4540 | D:4      | Reached XP level 6. HP: 17/50 MP: 8/8
  4759 | D:4      | Found a runed translucent gate.
  4760 | D:4      | Found a runed translucent gate.
  4760 | D:4      | Found a runed translucent gate.
  4802 | D:4      | Noticed bande's ghost (amateur GrFi)
  4848 | D:4      | Slain by bande's ghost

Illustrated notes

Levels and vault maps discovered:
D:1:      lightli_arrival_maybe_door_vault, layout_basic, grunt_decor_fettered
D:2:      minmay_door_path, layout_basic, shapermc_ecumenical_altar_pompeii,
          uniq_jessica
D:3:      layout_loops_corners, overflow_temple_1_default,
          kennysheep_cluttered_room, minmay_goblin_outpost, uniq_robin
D:4:      kennysheep_slugbush, layout_basic, gammafunk_ghost_necromancy,
          enter_ossuary_5, kennysheep_another_room

Skill      XL: |  1  2  3  4  5 |
---------------+----------------+-----
Axes           | 2 3 4 5 6 |  6.8
Fighting       | |  2.6
Armour         | |  2.6
Shields        | |  2.6

Action                   |  1- 3 |  4- 6 || total
-------------------------+-------+-------++-------
Melee: War axe           |   100 |    22 ||   122
       Mace              |       |   117 ||   117
Throw: Boomerang         |     7 |    10 ||    17
       Throwing net      |       |     2 ||     2
Armor: Scale mail        |    38 |    98 ||   136
Dodge: Dodged            |    40 |    81 ||   121
Block: Buckler           |    16 |    32 ||    48

Table legend: (Time is in decaauts)
 A = Elapsed time spent in this place.
 B = Non-inter-level travel time spent in this place.
 C = Inter-level travel time spent in this place.
 D = Time resting spent in this place.
 E = Time spent auto-exploring this place.
 F = Levels seen in this place.
 G = Mean time per level.
                   A        B        C        D        E       F      G
               +--------+--------+--------+--------+--------+-----+--------+
         Total |   4942 |   4759 |    183 |    799 |   2807 |   5 |  988.4 |
       Dungeon |   4470 |   4287 |    183 |    620 |   2687 |   4 | 1117.5 |
       Ossuary |    471 |    471 |      0 |    179 |    120 |   1 |  471.0 |
               +--------+--------+--------+--------+--------+-----+--------+

Top non-repeatable levels by time:
     D:3: 1414 daAuts
     D:2: 1094 daAuts
     D:1: 1051 daAuts
     D:4: 910 daAuts
 Ossuary: 471 daAuts
